 Dungeon Sprint DCSS version 0.31-a0-18-gea43df2a32 (webtiles) character file.

Game seed: 9120002509746286212

16207 sircluck the Wrestler (level 12, -4/175 HPs)
             Began as a Troll Berserker on May 10, 2023.
             Was the Champion of Trog.
             Slain by the 26-headed Lernaean hydra (15 damage)
             ... in the Dungeon (Sprint I: "Red Sonja").
             The game lasted 00:13:24 (1966 turns).

sircluck the Wrestler (Troll Berserker)             Turns: 1966, Time: 00:13:25

Health: -4/175     AC:  5    Str: 32    XL:     12   Next: 8%
Magic:  9/9        EV: 13    Int:  1    God:    Trog [******]
Gold:   2843       SH:  0    Dex:  9    Spells: 11/11 levels left

rFire   + .          .
                       - Unarmed
rCold   + . .        (no shield)
rNeg    . . .        r - +1 robe {rC+ rF+}
rPois   .            (helmet restricted)
rElec   .            (no cloak)
rCorr   .            (gloves unavailable)
SInv    .            (boots unavailable)
Will    .....        (no amulet) Stlth
                     (no ring)
HPRegen 1.29/turn    (no ring)
MPRegen 0.11/turn

%: no teleportation, random rage (3%)
@: berserking, very quick
A: large, unfitting armour, claws 3, regeneration 1, shaggy fur 1, tough skin 1,
berserk 1, dopey 1, frail 1, low MP 1, subdued magic 1
a: Renounce Religion, Berserk, Trog's Hand, Brothers in Arms


You were in the Dungeon.
You worshipped Trog.
Trog was exalted by your worship.
You visited 1 branch You collected 3439 gold pieces.
You spent 596 gold pieces at shops.

Inventory:

Missiles
 k - a curare-tipped dart
 m - 4 boomerangs (quivered)
 n - 35 stones
Armour
 a - a +0 animal skin
 r - a +1 robe of resistance (worn)
Jewellery
 s - an amulet of regeneration
Wands
 h - a wand of paralysis (2)
Scrolls
 g - a scroll of blinking
 l - a scroll of brand weapon {unknown}
Potions
 b - 6 potions of curing
 d - a potion of haste
 e - 3 potions of magic
 f - a potion of berserk rage
 i - a potion of ambrosia
 j - 2 potions of flight
 o - a potion of brilliance {unknown}
 p - a potion of attraction {unknown}
 q - a potion of might {unknown}


   Skills:
 + Level 11.6 Fighting
 + Level 3.1 Throwing
 + Level 12.0 Dodging
 + Level 7.2 Stealth
 + Level 21.4 Unarmed Combat
 + Level 2.5 Evocations


You had 11 spell levels left.
You didn't know any spells.
Your spell library was empty.

Dungeon Overview and Level Annotations

Branches:
Dungeon (1/1)

Altars:
Cheibriados
Dithmenos
Elyvilon
Fedhas
Gozag
Hepliaklqana
Kikubaaqudgha
Makhleb
Nemelex Xobeh
Okawaru
Qazlal
Ru
Sif Muna
Trog
Uskayaw
Vehumet
Wu Jian
Xom
Yredelemnul
Zin
The Shining One
Jiyva
Lugonu

Shops:
D =*:**:(=[?!?=!!=*!([=

Annotations:
D exclusion: oklob plant, Lernaean hydra


Innate Abilities, Weirdness & Mutations

You are too large for most types of armour.
You have claws for hands.
Your natural rate of healing is unusually fast.
You are covered in fur. (AC +1)
You have tough skin. (AC +1)
You sometimes lose your temper in combat.
You are dopey. (Int -2)
You are frail. (-10% HP)
Your magical capacity is low. (-10% MP)
Your spells are a little easier to cast, but a little less powerful.


Message History

The 27-headed Lernaean hydra bites you. x2
The 27-headed Lernaean hydra bites you! The 27-headed Lernaean hydra bites you.
The 27-headed Lernaean hydra closely misses you.
The 27-headed Lernaean hydra bites you! The 27-headed Lernaean hydra bites you.
The 27-headed Lernaean hydra bites you! x2
The 27-headed Lernaean hydra bites you. x3
The 27-headed Lernaean hydra bites you but does no damage.
The 27-headed Lernaean hydra bites you! x2
The 27-headed Lernaean hydra bites you. x2
The 27-headed Lernaean hydra completely misses you.
The 27-headed Lernaean hydra misses you.
The 27-headed Lernaean hydra bites you but does no damage.
The 27-headed Lernaean hydra bites you!
* * * LOW HITPOINT WARNING * * *
You claw one of the 27-headed Lernaean hydra's heads off!
You mangle the 26-headed Lernaean hydra!!
The 26-headed Lernaean hydra is lightly wounded.
The 26-headed Lernaean hydra barely misses you.
The 26-headed Lernaean hydra bites you but does no damage.
The 26-headed Lernaean hydra bites you.
* * * LOW HITPOINT WARNING * * *
The 26-headed Lernaean hydra closely misses you.
The 26-headed Lernaean hydra bites you.
* * * LOW HITPOINT WARNING * * *
The 26-headed Lernaean hydra completely misses you.
The 26-headed Lernaean hydra bites you!
* * * LOW HITPOINT WARNING * * *
The 26-headed Lernaean hydra bites you.
* * * LOW HITPOINT WARNING * * *
The 26-headed Lernaean hydra bites you.
* * * LOW HITPOINT WARNING * * *
The 26-headed Lernaean hydra bites you!
* * * LOW HITPOINT WARNING * * *
The 26-headed Lernaean hydra barely misses you. x2
The 26-headed Lernaean hydra bites you.
* * * LOW HITPOINT WARNING * * *
The 26-headed Lernaean hydra bites you.
* * * LOW HITPOINT WARNING * * *
The 26-headed Lernaean hydra bites you!
You die...

.#...°○....#,###..#,,,,,,,,,,,,*,
##...○.....#,*,'..#*,,,,,,,,,,**,
)'......####+*,##+##,,,,,,,,,,*,,
###...###,,,,*,#~~~##,,,,,,,,**,,
,,#####,,,****,#~~~~##,,,,,,**,,,
,,,,,,,,***,,,,#~~~~~#*******,,,,
,,,,*****^,,,####~~~~#~~~~~*,,,,,
,,,**,,,,,,^,#..#D~~~'~~.~~+,,,,,
,,**,,,,,,,,,#..@##~~#~~~~~*~~~,,
,,*,,,,,,,,,,#....######'*****~~~
*******^,,,,,#....#~~~~~~~~~~**~~
~~~~~,*,,^,,,######*~~~~~~~~~~~~~
*******,,^,,,+,,*,,+,,,~~~~~~~*~~
,,+^^^,,,,,,,*,,+,,*,,,,,,,,~~~*~
*********************************


You could see the 26-headed Lernaean hydra.

Vanquished Creatures
  A deep elf annihilator (D)
  A lorocyproca (D)
  A hydra (D)
  2 centaur warriors (D)
  Sonja (D)
  A deep troll (D)
  A lindwurm (D)
  A shining eye (D)
  An oklob plant (D)
  2 merfolk sirens (D)
  4 demonic crawlers (D)
  2 gargoyles (D)
  2 unseen horrors (D)
  2 kobold demonologists (D)
  5 hornets (D)
  A hellwing (D)
  A slime creature (D)
  Sigmund (D)
  A yak (D)
  13 hogs (D)
  2 redbacks (D)
  4 floating eyes (D)
  An ogre (D)
  7 necrophages (D)
  8 jellies (D)
  Ijyb (D)
67 creatures vanquished.

Vanquished Creatures (collateral kills)
  7 shining eyes (D)
  3 floating eyes (D)
10 creatures vanquished.

Vanquished Creatures (others)
  2 ballistomycete spores (D)
2 creatures vanquished.

Grand Total: 79 creatures vanquished

Notes
Turn   | Place    | Note
-------+----------+-------------------------------------------
     0 | D        | sircluck the Troll Berserker began the quest for the Orb.
     0 | D        | Reached XP level 1. HP: 22/22 MP: 0/0
     1 | D        | Noticed Ijyb
     4 | D        | Paralysed by Ijyb for 2 turns
    10 | D        | Killed Ijyb
    11 | D        | Reached skill level 4 in Unarmed Combat
    11 | D        | Reached XP level 2. HP: 31/31 MP: 1/1
    44 | D        | Noticed an ogre
    49 | D        | Killed an ogre
    50 | D        | Reached skill level 5 in Fighting
    50 | D        | Reached skill level 6 in Unarmed Combat
    50 | D        | Reached XP level 3. HP: 10/42 MP: 2/2
    50 | D        | Reached XP level 4. HP: 12/50 MP: 3/3
    96 | D        | Noticed Sigmund
   101 | D        | Killed Sigmund
   101 | D        | Reached ** piety under Trog
   102 | D        | Reached skill level 1 in Stealth
   102 | D        | Reached skill level 8 in Unarmed Combat
   102 | D        | Reached XP level 5. HP: 59/59 MP: 4/4
   116 | D        | Found an ornate altar of the Wu Jian Council.
   116 | D        | Found a shimmering blue altar of Sif Muna.
   118 | D        | Found a radiant altar of Vehumet.
   122 | D        | Reached XP level 6. HP: 64/68 MP: 5/5
   130 | D        | Noticed a centaur warrior
   130 | D        | Noticed a centaur warrior
   160 | D        | Found Peiqa's Assorted Antiques.
   160 | D        | Found an ancient bone altar of Kikubaaqudgha.
   160 | D        | Found a hazy altar of Hepliaklqana.
   160 | D        | Found a stormy altar of Qazlal.
   160 | D        | Found a hide-covered altar of Uskayaw.
   160 | D        | Found a blossoming altar of Fedhas.
   160 | D        | Found a bloodstained altar of Trog.
   160 | D        | Found an iron altar of Okawaru.
   160 | D        | Found a basalt altar of Yredelemnul.
   160 | D        | Found a glowing golden altar of the Shining One.
   160 | D        | Found a snail-covered altar of Cheibriados.
   160 | D        | Found a sacrificial altar of Ru.
   160 | D        | Found a glowing silver altar of Zin.
   160 | D        | Found a shadowy altar of Dithmenos.
   160 | D        | Found a white marble altar of Elyvilon.
   160 | D        | Noticed a yak
   165 | D        | Killed a yak
   166 | D        | Reached skill level 9 in Unarmed Combat
   166 | D        | Found an opulent altar of Gozag.
   167 | D        | Found a sparkling altar of Nemelex Xobeh.
   171 | D        | Bought a scroll labelled QEUCHIUWUJ for 19 gold pieces
   172 | D        | Bought a scroll labelled URYGHI ZOOBESCH for 19 gold pieces
   172 | D        | Bought a potion of curing for 57 gold pieces
   172 | D        | Bought a scroll labelled URYGHI ZOOBESCH for 19 gold pieces
   172 | D        | Bought a ruby potion for 17 gold pieces
   209 | D        | Found a burning altar of Makhleb.
   209 | D        | Found a viscous altar of Jiyva.
   209 | D        | Found a shimmering altar of Xom.
   209 | D        | Found a corrupted altar of Lugonu.
   209 | D        | Noticed a slime creature
   220 | D        | Killed a slime creature
   220 | D        | Reached *** piety under Trog
   221 | D        | Reached skill level 10 in Unarmed Combat
   221 | D        | Reached XP level 7. HP: 34/78 MP: 6/6
   263 | D        | Noticed a kobold demonologist
   265 | D        | Noticed a kobold demonologist
   271 | D        | Killed a kobold demonologist
   272 | D        | Reached skill level 11 in Unarmed Combat
   272 | D        | Noticed a chaos spawn
   274 | D        | Reached skill level 1 in Evocations
   278 | D        | Killed a kobold demonologist
   278 | D        | Reached **** piety under Trog
   279 | D        | Reached XP level 8. HP: 59/89 MP: 7/7
   305 | D        | Noticed Sonja
   310 | D        | Killed Sonja
   311 | D        | Reached skill level 12 in Unarmed Combat
   365 | D        | Noticed a deep troll
   371 | D        | Killed a deep troll
   372 | D        | Reached skill level 13 in Unarmed Combat
   372 | D        | Reached XP level 9. HP: 98/98 MP: 8/8
   439 | D        | Found Fof Ossoaff's Jewellery Boutique.
   448 | D        | Noticed a shining eye
   448 | D        | Noticed a shining eye
   448 | D        | Noticed a shining eye
   448 | D        | Gained mutation: Your spells are a little easier to cast,
                  | but a little less powerful. [a shining eye]
   451 | D        | Gained mutation: You are frail. (-10% HP) [a shining eye]
   452 | D        | Killed a shining eye
   453 | D        | Reached skill level 14 in Unarmed Combat
   454 | D        | Reached skill level 1 in Throwing
   454 | D        | Killed a shining eye
   455 | D        | Noticed a shining eye
   455 | D        | Noticed a shining eye
   456 | D        | Noticed a shining eye
   458 | D        | Killed a shining eye
   458 | D        | Reached ***** piety under Trog
   458 | D        | Gained mutation: Your magical capacity is low. (-10% MP) [a
                  | shining eye]
   459 | D        | Reached skill level 15 in Unarmed Combat
   460 | D        | Killed a shining eye
   461 | D        | Reached skill level 10 in Dodging
   461 | D        | Reached XP level 10. HP: 99/99 MP: 8/8
   462 | D        | Killed a shining eye
   462 | D        | Gained mutation: You sometimes lose your temper in combat.
                  | [a shining eye]
   463 | D        | Reached skill level 10 in Fighting
   463 | D        | Reached skill level 5 in Stealth
   463 | D        | Noticed a shining eye
   463 | D        | Noticed a shining eye
   465 | D        | Killed a shining eye
   466 | D        | Reached skill level 16 in Unarmed Combat
   469 | D        | Gained mutation: You are dopey. (Int -2) [a shining eye]
   469 | D        | Killed a shining eye
   473 | D        | Killed a shining eye
   477 | D        | Found Fitu's General Store.
   477 | D        | Found Foagoucu's General Store.
   477 | D        | Found Pekk's Book Emporium.
   477 | D        | Found Jecarch's Book Boutique.
   492 | D        | Bought a scroll of magic mapping for 105 gold pieces
   521 | D        | Killed a centaur warrior
   521 | D        | HP: 6/148 [centaur warrior/arrow (25)]
   522 | D        | Reached skill level 17 in Unarmed Combat
   524 | D        | Killed a centaur warrior
   524 | D        | Reached ****** piety under Trog
   524 | D        | Received a gift from Trog
   742 | D        | Noticed an oklob plant
   744 | D        | Killed an oklob plant
   756 | D        | Reached XP level 11. HP: 107/107 MP: 8/8
   809 | D        | Reached skill level 18 in Unarmed Combat
   887 | D        | Found Mudite's Armour Emporium.
   941 | D        | Identified the +7 lajatang of Thoughtfulness {flame,
                  | *Corrode Fly rN+ Dex+3} (Trog gifted it to you in the
                  | Dungeon)
   941 | D        | Received a gift from Trog
   979 | D        | Identified the +6 great mace of Nastaun {heavy, Dex+2}
                  | (Trog gifted it to you in the Dungeon)
   979 | D        | Received a gift from Trog
  1057 | D        | Found Vorhy's Jewellery Shoppe.
  1057 | D        | Found Xuirghiwn's Weapon Shop.
  1057 | D        | Found Efroam's Armour Boutique.
  1059 | D        | Found Hupluis's Magic Scroll Emporium.
  1059 | D        | Found Cuidulet's Distillery.
  1059 | D        | Found Annaf's Magic Scroll Shoppe.
  1059 | D        | Found Bulal's Jewellery Boutique.
  1059 | D        | Found Kepriny's Distillery.
  1059 | D        | Found Jomait's Distillery.
  1059 | D        | Found Irodadoil's Jewellery Shoppe.
  1061 | D        | Found Busm's General Store.
  1062 | D        | Found Owinuo's Weapon Emporium.
  1062 | D        | Found Tuine's Distillery.
  1063 | D        | Found Joebe's Jewellery Emporium.
  1065 | D        | Bought an amulet of regeneration for 360 gold pieces
  1139 | D        | Received a gift from Trog
  1140 | D        | Reached skill level 19 in Unarmed Combat
  1204 | D        | Noticed a lindwurm
  1209 | D        | Killed a lindwurm
  1235 | D        | Received a gift from Trog
  1248 | D        | Reached skill level 20 in Unarmed Combat
  1293 | D        | Noticed a 12-headed hydra
  1297 | D        | Killed a 15-headed hydra
  1447 | D        | Received a gift from Trog
  1489 | D        | Killed a lorocyproca
  1738 | D        | Noticed a deep elf annihilator
  1771 | D        | Killed a deep elf annihilator
  1772 | D        | Reached skill level 21 in Unarmed Combat
  1772 | D        | Reached XP level 12. HP: 113/117 MP: 9/9
  1774 | D        | Noticed a mummy priest
  1781 | D        | Paralysed by a hornet for 1 turns
  1787 | D        | Received a gift from Trog
  1788 | D        | Paralysed by a hornet for 1 turns
  1930 | D        | Noticed the 27-headed Lernaean hydra
  1966 | D        | Slain by the 26-headed Lernaean hydra

Illustrated notes

Levels and vault maps discovered:
D:        dungeon_sprint_1 [red_sonja_temple_1, red_sonja_temple_small_1]

Skill      XL: |  1  2  3  4  5  6  7  8  9 10 11 12 |
---------------+-------------------------------------+-----
Fighting       | 3 5 6 7 8 9 10 11 | 11.6
Dodging        | 3 4 6 7 8 9 10 11 12 | 12.0
Unarmed Combat | 4 6 8 10 11 13 15 17 21 | 21.4
Stealth        | 1 2 3 4 6 7 |  7.2
Evocations     | 1 2 |  2.5
Throwing       | 1 2 3 |  3.1

Action                     |  1- 3 |  4- 6 |  7- 9 | 10-12 || total
---------------------------+-------+-------+-------+-------++-------
  Melee: Unarmed           |    10 |    19 |    19 |   151 ||   199
         Punch             |       |       |     1 |    17 ||    18
  Throw: Dart              |       |       |     3 |     4 ||     7
 Invoke: Berserk           |     1 |       |     1 |     4 ||     6
         Brothers in Arms  |       |       |     1 |       ||     1
  Evoke: Wand              |     1 |     1 |     1 |       ||     3
    Use: Scroll            |       |     1 |     2 |     2 ||     5
         Potion            |       |       |       |     2 ||     2
   Stab: Paralysed         |       |     3 |     1 |       ||     4
         Sleeping          |       |     1 |       |     4 ||     5
 Armour: Animal skin       |       |     3 |     2 |     4 ||     9
         Robe              |       |       |       |    12 ||    12
  Dodge: Dodged            |     2 |       |     5 |    91 ||    98

Table legend: (Time is in decaauts)
 A = Elapsed time spent in this place.
 B = Non-inter-level travel time spent in this place.
 C = Inter-level travel time spent in this place.
 D = Time resting spent in this place.
 E = Time spent auto-exploring this place.
 F = Levels seen in this place.
 G = Mean time per level.
                   A        B        C        D        E       F      G
               +--------+--------+--------+--------+--------+-----+--------+
         Total |   1980 |   1879 |    101 |    631 |    299 |   1 | 1980.0 |
       Dungeon |   1980 |   1879 |    101 |    631 |    299 |   1 | 1980.0 |
               +--------+--------+--------+--------+--------+-----+--------+

Top non-repeatable levels by time:
       D: 1980 daAuts
